 Dungeon Crawl Stone Soup version 0.13.1-25-g341c717 (webtiles) character file.

200 Dalarin the Vexing (level 4, -2/18 HPs)
             Began as a Spriggan Enchanter on Jan 19, 2014.
             Slain by a worker ant (6 damage)
             ... on Level 4 of the Dungeon.
             The game lasted 00:30:37 (3594 turns).

Dalarin the Vexing (Spriggan Enchanter)             Turns: 3594, Time: 00:30:38

HP  -2/18        AC  3     Str  5      XL: 4   Next: 48%
MP  10/10        EV 19     Int 16      God:
Gold 99          SH  0     Dex 16      Spells:  3 memorised,  2 levels left

Res.Fire  : . . .   See Invis. : +   a - +1 dagger {=f}
Res.Cold  : . . .   Warding    : .   b - +1 robe
Life Prot.: . . .   Conserve   : .   (shield restricted)
Res.Poison: .       Res.Corr.  : .   (helmet restricted)
Res.Elec. : .       Clarity    : .   (no cloak)
Sust.Abil.: . .     Spirit.Shd : .   (gloves unavailable)
Res.Mut.  : .       Stasis     : .   (boots unavailable)
Res.Rott. : .       Flight     : .   (no amulet)
Saprovore : . . .                    (no ring)
                                     (no ring)

@: very quick, slightly resistant to hostile enchantments, stealthy
A: unfitting armour, see invisible, herbivore 3, speed 3, -10% hp, -10% mp, slow
metabolism 2
a: no special abilities


You were on level 4 of the Dungeon.
You were hungry.

You visited 1 branch of the dungeon, and saw 4 of its levels.

You collected 79 gold pieces.

Inventory:

Hand weapons
 a - a +1,+1 dagger (weapon) {=f}
Missiles
 d - 4 darts (quivered)
 f - 17 exploding darts
 i - 2 darts of frost
Armour
 b - a +1 robe (worn)
Comestibles
 h - a pear
 l - a choko
 m - 3 bread rations
Scrolls
 j - a scroll of recharging {unknown}
 n - a scroll of enchant armour {unknown}
Potions
 e - a potion of porridge
 g - a potion of brilliance
Books
 c - a book of Maledictions

   Spells                             Type                      Level
   *Corona                            Hexes                        1
   Sure Blade                         Hexes/Charms                 2
   *Ensorcelled Hibernation           Hexes/Ice                    2
   *Confuse                           Hexes                        3
   Enslavement                        Hexes                        4
   Invisibility                       Hexes                        6


   Skills:
 - Level 1.0 Fighting
 + Level 1.5 Short Blades
 + Level 2.0 Throwing
 + Level 4.0 Dodging
 + Level 3.6 Stealth
 + Level 2.5 Spellcasting
 + Level 4.2 Hexes


You had 2 spell levels left.
You knew the following spells:

 Your Spells              Type           Power        Failure   Level  Hunger
a - Corona                Hex            ###....      4%          1    #......
b - Ensorcelled Hibernat  Hex/Ice        #.....       14%         2    ##.....
c - Confuse               Hex            ###.....     12%         3    ###....


Dungeon Overview and Level Annotations

Branches:
Dungeon (4/27)
 Temple: D:4-7

Altars:
Sif Muna
Xom

Annotations:
D:4 Kite's ghost, average TeVM


Innate Abilities, Weirdness & Mutations

You are tiny and cannot use many weapons and most armour.
You have supernaturally acute eyesight.
You are a herbivore.
You cover ground extremely quickly.
You need consume almost no food.
You are frail (-10% HP).
Your magical capacity is low (-10% MP).


Message History

The worker ant is severely wounded.
Throwing (i - inventory. (,) - cycle):
d - 5 darts (quivered)
Press: ? - help, Shift-Dir - straight line, f/p - worker ant
Aim: a worker ant (severely wounded)
You throw a dart. The dart misses the worker ant.
Throwing (i - inventory. (,) - cycle):
d - 4 darts (quivered)
Press: ? - help, Shift-Dir - straight line, f/p - worker ant
Aim: a worker ant (heavily wounded)
You throw a dart. The dart hits the worker ant.
The worker ant is heavily wounded.
You see here a sedimented cyan potion.
The worker ant waves its antennae.
A quokka comes into view.
You open the door.
There is an open door here.
d - 4 darts (gained 1)
You hit the worker ant but do no damage.
The worker ant is heavily wounded.
The worker ant bites you.
You die...

#.. #.# #.# #.# #.#
#####.######.#
#<...........#
#####.#############
#.@..........(....(
#a###'#############
#.#......#
#.#......#
#.#......#
#.#......#
#.#......#
#.#......#
#.#......#


You could see a worker ant.

Vanquished Creatures
  A giant mite (D:4)
  3 adders
  An ooze (D:2)
  6 orcs
  4 bats
  8 hobgoblins
  3 jackals (D:3)
  7 kobolds
  3 giant cockroaches
  A giant gecko (D:1)
  7 giant newts
  9 goblins
  7 rats
60 creatures vanquished.

Notes
Turn   | Place    | Note
--------------------------------------------------------------
     0 | D:1      | Dalarin, the Spriggan Enchanter, began the quest for the Orb.
     0 | D:1      | Reached XP level 1. HP: 9/9 MP: 4/4
   288 | D:1      | Reached XP level 2. HP: 13/13 MP: 3/6
  1244 | D:2      | Reached XP level 3. HP: 8/16 MP: 7/9
  1778 | D:2      | Learned a level 2 spell: Ensorcelled Hibernation
  1782 | D:2      | Learned a level 3 spell: Confuse
  1881 | D:3      | Reached skill level 4 in Hexes
  2058 | D:3      | Gained mutation: Your magical capacity is low (-10% MP). [potion of mutation]
  2058 | D:3      | Gained mutation: You are frail (-10% HP). [potion of mutation]
  2298 | D:3      | Noticed a phantom
  2314 | D:3      | Found a shimmering altar of Xom.
  2521 | D:3      | Reached XP level 4. HP: 15/18 MP: 10/10
  2674 | D:3      | Reached skill level 1 in Fighting
  2681 | D:3      | Found a deep blue altar of Sif Muna.
  2779 | D:4      | Noticed Kite's ghost (average TeVM)
  3594 | D:4      | Slain by a worker ant

Action                   |  1- 3 |  4- 6 || total
-------------------------+-------+-------++-------
Melee: Dagger            |   175 |   113 ||   288
Throw: Dart              |    18 |    14 ||    32
 Cast: Corona            |    19 |     9 ||    28
       Confuse           |     3 |       ||     3
       Ensorcelled Hiber |     2 |     3 ||     5
  Use: Potion            |     6 |       ||     6
       Scroll            |     3 |     1 ||     4
 Stab: Sleeping          |    12 |     3 ||    15
